[Event "10th Dolomiti Open 2019"]
[Site "Forni di Sopra"]
[Date "2019.06.15"]
[Round "1.2"]
[White "Motola, Jacopo"]
[Black "Dreev, Aleksey"]
[Result "0-1"]
[ECO "A50"]
[WhiteElo "2229"]
[BlackElo "2657"]
[Annotator "RC"]
[PlyCount "76"]
[EventDate "2019.06.15"]
[EventType "swiss"]
[EventCountry "ITA"]
[SourceTitle "playchess.com"]
[Source "ChessBase"]
[SourceQuality "1"]
[TimeControl "40/5400+30:1800+30"]

1. d4 Nf6 2. Nf3 b6 3. g3 Bb7 4. Bg2 g6 5. c4 Bg7 6. O-O O-O 7. Nc3 Ne4 8. Nxe4 Bxe4 9. Ne1 Bxg2 10. Kxg2 c5 11. d5 b5 12. cxb5 Qb6 13. d6 e6 14. Nc2 Qxb5 15. Na3 Qa6 16. f4 Nc6 17. Qd3 Qb7 18. e4 f5 19. Nc4 Nb4 20. Qe2 fxe4 21. Be3 Rf5 22. Rad1 Raf8 23. b3 Qa6 24. a3 Nd5 25. Rde1 Qb7 26. Qc2 Rb8 27. Qxe4 Qxb3 28. g4 Nf6 29. Qf3 Nxg4 30. Nd2 Qd5 31. Qxd5 Nxe3+ 32. Rxe3 exd5 33. Re7 Rf7 34. Nf3 Rxe7 35. dxe7 Kf7 36. Re1 Bf6 37. Ne5+ Bxe5 38. Rxe5 d6 0-1

[Event "10th Dolomiti Open 2019"]
[Site "Forni di Sopra"]
[Date "2019.06.15"]
[Round "1.5"]
[White "Martinez Alcantara, Jose Eduardo"]
[Black "Pasini, Nicolo"]
[Result "1-0"]
[ECO "C65"]
[WhiteElo "2583"]
[BlackElo "2224"]
[Annotator "ChessBase"]
[PlyCount "67"]
[EventDate "2019.06.15"]
[EventType "swiss"]
[EventCountry "ITA"]
[SourceTitle "playchess.com"]
[Source "ChessBase"]
[SourceQuality "1"]
[TimeControl "40/5400+30:1800+30"]

1. e4 e5 2. Nf3 Nc6 3. Bb5 Nf6 4. d3 Bc5 5. c3 O-O 6. Nbd2 d6 7. O-O a5 8. h3 Ne7 9. d4 exd4 10. cxd4 Bb6 11. Re1 c6 12. Bd3 Ng6 13. Nc4 Bc7 14. e5 dxe5 15. dxe5 Nd5 16. Bg5 f6 17. exf6 gxf6 18. Bh6 Re8 19. Rxe8+ Qxe8 20. Ne3 Nge7 21. Nd4 Nxe3 22. Bxe3 Nd5 23. Bc4 Kh8 24. Bxd5 cxd5 25. Rc1 Bd6 26. Nf3 Be6 27. Qd4 Qe7 28. Bf4 Kg7 29. Re1 Bc5 30. Rxe6 Qxe6 31. Qxc5 Rc8 32. Qxa5 Qe4 33. Be3 Rc2 34. Qb6 1-0

[Event "10th Dolomiti Open 2019"]
[Site "Forni di Sopra"]
[Date "2019.06.15"]
[Round "1.7"]
[White "Santos Ruiz, Miguel"]
[Black "Soto, Miguel Angel"]
[Result "1-0"]
[ECO "C06"]
[WhiteElo "2557"]
[BlackElo "2217"]
[Annotator "ChessBase"]
[PlyCount "51"]
[EventDate "2019.06.15"]
[EventType "swiss"]
[EventCountry "ITA"]
[SourceTitle "playchess.com"]
[Source "ChessBase"]
[SourceQuality "1"]
[TimeControl "40/5400+30:1800+30"]

1. e4 e6 2. d4 d5 3. Nd2 Nf6 4. e5 Nfd7 5. c3 c5 6. Bd3 Nc6 7. Ne2 cxd4 8. cxd4 f6 9. exf6 Qxf6 10. O-O Bd6 11. Nf3 h6 12. Ng3 O-O 13. Bc2 Rd8 14. Re1 Nf8 15. Ne5 Bd7 16. Nh5 Qh4 17. Nxg7 Kxg7 18. Re3 Nxe5 19. dxe5 Bc5 20. Rh3 Qxf2+ 21. Kh1 Qg1+ 22. Qxg1 Be3 23. Qf2 Bxf2 24. Bxh6+ {[%emt 0:45:10] Bg1 Re1+} Kf7 25. Rf1 Ke7 26. Bg5+ 1-0

[Event "10th Dolomiti Open 2019"]
[Site "Forni di Sopra"]
[Date "2019.06.15"]
[Round "1.8"]
[White "Alok Sinha"]
[Black "Basso, Pier Luigi"]
[Result "1-0"]
[ECO "C54"]
[WhiteElo "2205"]
[BlackElo "2539"]
[Annotator "ChessBase"]
[PlyCount "92"]
[EventDate "2019.06.15"]
[EventType "swiss"]
[EventCountry "ITA"]
[SourceTitle "playchess.com"]
[Source "ChessBase"]
[SourceQuality "1"]
[TimeControl "40/5400+30:1800+30"]

1. e4 e5 2. Nf3 Nc6 3. Bc4 Bc5 4. c3 Nf6 5. d3 O-O 6. O-O d5 7. exd5 Nxd5 8. Re1 Bg4 9. Nbd2 Nb6 10. h3 Bh5 11. Bb3 Qxd3 12. Nxe5 Qf5 13. Nef3 Rad8 14. g4 Bxg4 15. hxg4 Qxg4+ 16. Kh1 Bxf2 17. Re2 Bg3 18. Qf1 Na5 19. Nh2 Bxh2 20. Rxh2 Nxb3 21. axb3 Rd5 22. Qe2 Qd7 23. Rg2 Re8 24. Ne4 Kh8 25. Bh6 g6 26. c4 Rde5 27. Qf3 Qc6 28. Qf6+ Qxf6 29. Nxf6 Rd8 30. Bd2 Kg7 31. Bc3 Rf5 32. Rh2 h6 33. Ng4+ f6 34. Nxf6 Rxf6 35. Rf2 Rdf8 36. Rxf6 Rxf6 37. Rxa7 Kf7 38. Bxf6 Kxf6 39. Rxb7 Nd7 40. Rxc7 Ke6 41. Rc6+ Kf5 42. b4 Ne5 43. Rc7 Ke6 44. b5 Kd6 45. b6 Nd7 46. c5+ Kd5 1-0

[Event "10th Dolomiti Open 2019"]
[Site "Forni di Sopra"]
[Date "2019.06.15"]
[Round "1.9"]
[White "Castellanos Rodriguez, Renier"]
[Black "Dev, Shah"]
[Result "1-0"]
[ECO "C88"]
[WhiteElo "2511"]
[BlackElo "2183"]
[Annotator "ChessBase"]
[PlyCount "61"]
[EventDate "2019.06.15"]
[EventType "swiss"]
[EventCountry "ITA"]
[SourceTitle "playchess.com"]
[Source "ChessBase"]
[SourceQuality "1"]
[TimeControl "40/5400+30:1800+30"]

1. e4 e5 2. Nf3 Nc6 3. Bb5 a6 4. Ba4 Nf6 5. d3 b5 6. Bb3 Be7 7. a4 b4 8. Nbd2 d6 9. O-O O-O 10. c3 Rb8 11. Re1 Be6 12. Bxe6 fxe6 13. Nf1 Qd7 14. Ng3 bxc3 15. bxc3 Na5 16. d4 exd4 17. cxd4 Nb3 18. Ra2 Nxc1 19. Qxc1 Rb4 20. h3 Rc8 21. e5 Nd5 22. Ne4 c5 23. exd6 cxd4 24. Rc2 Rxc2 25. Qxc2 Bf6 26. Nfg5 Bxg5 27. Nxg5 Nf6 28. Rxe6 h6 29. Re7 d3 30. Rxd7 dxc2 31. Rd8+ 1-0

[Event "10th Dolomiti Open 2019"]
[Site "Forni di Sopra"]
[Date "2019.06.15"]
[Round "1.10"]
[White "Borges, Guilherme Deola"]
[Black "Valsecchi, Alessio"]
[Result "0-1"]
[ECO "A40"]
[WhiteElo "2171"]
[BlackElo "2504"]
[Annotator "ChessBase"]
[PlyCount "89"]
[EventDate "2019.06.15"]
[EventType "swiss"]
[EventCountry "ITA"]
[SourceTitle "playchess.com"]
[Source "ChessBase"]
[SourceQuality "1"]
[TimeControl "40/5400+30:1800+30"]

1. d4 e6 2. c4 b6 3. Nc3 Bb4 4. Nf3 Bb7 5. Bg5 f6 6. Bh4 Ne7 7. e3 Nf5 8. Bg3 Nc6 9. Bd3 Qe7 10. Qc2 Nxg3 11. hxg3 O-O-O 12. O-O-O Bxc3 13. Qxc3 g6 14. Kb1 Nb4 15. Ne1 Nxd3 16. Qxd3 d5 17. c5 bxc5 18. Qa3 Qd6 19. dxc5 Qa6 20. Qc3 e5 21. Rh4 d4 22. exd4 g5 23. Rh1 Be4+ 24. Ka1 Rxd4 25. Rxd4 exd4 26. Qd2 d3 27. Nf3 Bd5 28. b3 Bxf3 29. gxf3 Re8 30. Re1 Rxe1+ 31. Qxe1 Qc6 32. Qe3 Qd7 33. Qd2 h5 34. Kb1 c6 35. Kc1 Qd4 36. Qa5 Kb7 37. Kd2 h4 38. b4 h3 39. a4 Qxf2+ 40. Kxd3 Qxf3+ 41. Kd4 Qg4+ 42. Kc3 Qxg3+ 43. Kc4 Qf4+ 44. Kc3 Qc7 45. Kd4 0-1

[Event "10th Dolomiti Open 2019"]
[Site "Forni di Sopra"]
[Date "2019.06.16"]
[Round "2.4"]
[White "Deac, Bogdan-Daniel"]
[Black "Guerrero Sierra, Juan Carlos"]
[Result "1-0"]
[ECO "D46"]
[WhiteElo "2623"]
[BlackElo "2290"]
[Annotator "RC"]
[PlyCount "55"]
[EventDate "2019.06.15"]
[EventType "swiss"]
[EventCountry "ITA"]
[SourceTitle "playchess.com"]
[Source "ChessBase"]
[SourceQuality "1"]
[TimeControl "40/5400+30:1800+30"]

1. Nf3 Nf6 2. c4 c6 3. d4 d5 4. Nc3 e6 5. e3 Nbd7 6. Qc2 Bd6 7. Bd3 O-O 8. O-O Qe7 9. e4 dxe4 10. Nxe4 Nxe4 11. Bxe4 h6 12. c5 Bc7 13. Bd2 Rd8 14. b4 Nf6 15. Bd3 Bd7 16. Rfe1 Be8 17. a4 b6 18. Rab1 g5 19. h3 Kg7 20. Rbc1 Rab8 21. Bc4 bxc5 22. dxc5 Rxd2 23. Qxd2 Bf4 24. Qc3 Bxc1 25. Rxc1 Kg8 26. Ne5 a5 27. bxa5 Qxc5 28. Nxf7 1-0

[Event "10th Dolomiti Open 2019"]
[Site "Forni di Sopra"]
[Date "2019.06.16"]
[Round "2.6"]
[White "Cruz, Cristhian"]
[Black "Vignesh, B."]
[Result "1-0"]
[ECO "E11"]
[WhiteElo "2561"]
[BlackElo "2283"]
[Annotator "ChessBase"]
[PlyCount "41"]
[EventDate "2019.06.15"]
[EventType "swiss"]
[EventCountry "ITA"]
[SourceTitle "playchess.com"]
[Source "ChessBase"]
[SourceQuality "1"]
[TimeControl "40/5400+30:1800+30"]

1. d4 Nf6 2. Nf3 e6 3. c4 Bb4+ 4. Bd2 Qe7 5. g3 Nc6 6. e3 b6 7. Bg2 Bb7 8. O-O Bxd2 9. Nfxd2 O-O 10. Nc3 d6 11. a3 Nd8 12. d5 c6 13. e4 Re8 14. Re1 Nd7 15. Nf1 Rc8 16. Ne3 a6 17. Qd2 b5 18. Rad1 bxc4 19. dxe6 Ne5 20. Nf5 Qxe6 21. Qg5 1-0

[Event "10th Dolomiti Open 2019"]
[Site "Forni di Sopra"]
[Date "2019.06.16"]
[Round "2.7"]
[White "Bifulco, Michel"]
[Black "Santos Ruiz, Miguel"]
[Result "0-1"]
[ECO "B23"]
[WhiteElo "2271"]
[BlackElo "2557"]
[Annotator "ChessBase"]
[PlyCount "62"]
[EventDate "2019.06.15"]
[EventType "swiss"]
[EventCountry "ITA"]
[SourceTitle "playchess.com"]
[Source "ChessBase"]
[SourceQuality "1"]
[TimeControl "40/5400+30:1800+30"]

1. e4 c5 2. Nc3 Nc6 3. Bb5 Nd4 4. Bc4 a6 5. a3 e6 6. Nge2 Nf6 7. O-O Nxe4 8. Nxe4 d5 9. c3 Nxe2+ 10. Bxe2 dxe4 11. Qa4+ Bd7 12. Qxe4 Bc6 13. Qe3 Be7 14. Bf3 Rc8 15. d3 O-O 16. Bxc6 Rxc6 17. Rd1 Bf6 18. Qf3 Qb6 19. Qe2 Qb3 20. Be3 Rd8 21. Rd2 b5 22. d4 cxd4 23. Rad1 Rcd6 24. Bxd4 e5 25. Be3 Qxb2 26. Rxb2 Rxd1+ 27. Qf1 Rxf1+ 28. Kxf1 Rc8 29. Rb3 Rc4 30. Ke2 Be7 31. Kd3 f5 {[%emt 0:23:34] Kd4} 0-1

[Event "10th Dolomiti Open 2019"]
[Site "Forni di Sopra"]
[Date "2019.06.16"]
[Round "2.8"]
[White "Kumar, Nikhil"]
[Black "Castellanos Rodriguez, Renier"]
[Result "1/2-1/2"]
[ECO "E16"]
[WhiteElo "2257"]
[BlackElo "2511"]
[Annotator "ChessBase"]
[PlyCount "80"]
[EventDate "2019.06.15"]
[EventType "swiss"]
[EventCountry "ITA"]
[SourceTitle "playchess.com"]
[Source "ChessBase"]
[SourceQuality "1"]
[TimeControl "40/5400+30:1800+30"]

1. d4 Nf6 2. c4 e6 3. g3 d5 4. Nf3 c6 5. Bg2 b6 6. O-O Bb7 7. Qc2 Be7 8. Rd1 O-O 9. Nbd2 Na6 10. a3 c5 11. dxc5 Nxc5 12. b4 Ncd7 13. Bb2 Rc8 14. Qb3 Qc7 15. Rac1 Qb8 16. cxd5 Bxd5 17. Qd3 Qa8 18. Ne1 a5 19. Bxd5 Nxd5 20. Qb5 Bf6 21. bxa5 Bxb2 22. Qxb2 Qxa5 23. Nb3 Qb5 24. Nd3 Ra8 25. Nb4 N5f6 26. Ra1 Rfc8 27. Nd4 Qa4 28. Qb3 Qxb3 29. Nxb3 Ne5 30. Rdc1 Rxc1+ 31. Rxc1 g5 32. Ra1 Ra4 33. Nd2 Ra7 34. a4 Rd7 35. Nb3 h6 36. a5 bxa5 37. Rxa5 Rb7 38. Rxe5 Rxb4 39. Re3 Rc4 40. Rd3 Nd5 1/2-1/2

[Event "10th Dolomiti Open 2019"]
[Site "Forni di Sopra"]
[Date "2019.06.16"]
[Round "2.9"]
[White "Valsecchi, Alessio"]
[Black "Dappiano, Andrea"]
[Result "0-1"]
[ECO "D05"]
[WhiteElo "2504"]
[BlackElo "2271"]
[Annotator "RC"]
[PlyCount "119"]
[EventDate "2019.06.15"]
[EventType "swiss"]
[EventCountry "ITA"]
[SourceTitle "playchess.com"]
[Source "ChessBase"]
[SourceQuality "1"]
[TimeControl "40/5400+30:1800+30"]

1. d4 e6 2. Nf3 Nf6 3. e3 c5 4. Bd3 d5 5. b3 Nc6 6. O-O Bd6 7. Bb2 O-O 8. a3 b6 9. Nbd2 Bb7 10. Ne5 Rc8 11. Qe2 Qc7 12. f4 Ne7 13. Rac1 Ne4 14. Bxe4 dxe4 15. dxc5 Bxc5 16. b4 Bd6 17. c4 Nf5 18. Ng4 Rfd8 19. Nb3 Qe7 20. Nd4 Bb8 21. Rc2 a5 22. Qf2 f6 23. Qe1 axb4 24. axb4 Bd6 25. b5 Bc5 26. Nxf5 exf5 27. Nf2 Rd3 28. Bc1 Rd6 29. Qe2 Rcd8 30. Ra2 Bc8 31. Bd2 Be6 32. Rc1 Qd7 33. Be1 Qf7 34. Ra4 h6 35. Bb4 Bxb4 36. Rxb4 Rd2 37. Qe1 Qh5 38. Ra4 Qe2 39. Ra6 Qxe1+ 40. Rxe1 Bxc4 41. Rxb6 Rb2 42. Rc1 Rdd2 43. h4 Bxb5 44. g3 Rxf2 45. Rxb5 Rg2+ 46. Kf1 Rbf2+ 47. Ke1 Re2+ 48. Kf1 Ref2+ 49. Ke1 Rf3 50. Rc8+ Kh7 51. h5 Rfxg3 52. Rbb8 Rg1+ 53. Kd2 R3g2+ 54. Kc3 Rc1+ 55. Kb3 Rxc8 56. Rxc8 Rh2 57. Rc5 Rxh5 58. Kc4 Kg6 59. Kd5 Rh3 60. Kd4 0-1

[Event "10th Dolomiti Open 2019"]
[Site "Forni di Sopra"]
[Date "2019.06.16"]
[Round "2.10"]
[White "Sgircea, Silvia-Raluca"]
[Black "Sonis, Francesco"]
[Result "0-1"]
[ECO "E15"]
[WhiteElo "2256"]
[BlackElo "2494"]
[Annotator "ChessBase"]
[PlyCount "88"]
[EventDate "2019.06.15"]
[EventType "swiss"]
[EventCountry "ITA"]
[SourceTitle "playchess.com"]
[Source "ChessBase"]
[SourceQuality "1"]
[TimeControl "40/5400+30:1800+30"]

1. d4 Nf6 2. Nf3 e6 3. c4 b6 4. g3 Ba6 5. b3 Bb4+ 6. Bd2 Be7 7. Bg2 c6 8. O-O d5 9. Bc3 Nbd7 10. Nbd2 O-O 11. Re1 c5 12. e4 dxc4 13. Nxc4 cxd4 14. Bxd4 Rc8 15. Rc1 b5 16. Nce5 Nxe5 17. Bxe5 Bb4 18. Re2 Bb7 19. Bb2 Qe7 20. Nd4 a6 21. Rxc8 Rxc8 22. Rc2 Rd8 23. Qe2 Qd7 24. a3 Ba5 25. b4 Bb6 26. Rd2 Qc8 27. Kh1 Bxd4 28. Bxd4 e5 29. Bb2 Rxd2 30. Qxd2 Nxe4 31. Qe2 Ng5 32. f3 f6 33. h4 Nf7 34. Qd2 Qe6 35. Kh2 Qd5 36. Qc1 Qc6 37. Qd2 Nd6 38. f4 Qxg2+ 39. Qxg2 Bxg2 40. Kxg2 Nc4 41. Bc1 Kf7 42. fxe5 fxe5 43. Kf3 Ke6 44. Ke4 Nd6+ {[%emt 0:00:30] Kd4} 0-1

[Event "10th Dolomiti Open 2019"]
[Site "Forni di Sopra"]
[Date "2019.06.17"]
[Round "3.4"]
[White "Martinez Alcantara, Jose Eduardo"]
[Black "Di Benedetto, Edoardo"]
[Result "1-0"]
[ECO "C11"]
[WhiteElo "2583"]
[BlackElo "2409"]
[Annotator "ChessBase"]
[PlyCount "93"]
[EventDate "2019.06.15"]
[EventType "swiss"]
[EventCountry "ITA"]
[SourceTitle "playchess.com"]
[Source "ChessBase"]
[SourceQuality "1"]
[TimeControl "40/5400+30:1800+30"]

1. e4 e6 2. d4 d5 3. Nc3 Nf6 4. e5 Nfd7 5. f4 c5 6. Nf3 Nc6 7. Be3 Be7 8. Qd2 O-O 9. dxc5 Qa5 10. a3 Bxc5 11. Bxc5 Qxc5 12. Bd3 f6 13. exf6 Nxf6 14. O-O-O a6 15. Ne2 b5 16. Kb1 b4 17. a4 b3 18. cxb3 Rb8 19. Rc1 Qd6 20. Ned4 Nxd4 21. Nxd4 Bd7 22. Rhe1 Rfe8 23. Bc2 Rb4 24. Rcd1 a5 25. Qe3 Qc5 26. g3 Ng4 27. Qd2 Rb6 28. h3 Nh6 29. g4 Nf7 30. f5 e5 31. Ne6 Bxe6 32. fxe6 Rbxe6 33. Qxd5 Qb6 34. Qe4 g6 35. Rd5 Nd6 36. Qe3 Qb4 37. Qc3 e4 38. Rxa5 Qb6 39. b4 e3 40. Bb3 Ne4 41. Bxe6+ Rxe6 42. Ra8+ Kf7 43. Qh8 Nd2+ 44. Ka2 Qxb4 45. Ra7+ Re7 46. Qxh7+ Kf6 47. Qxe7+ 1-0

[Event "10th Dolomiti Open 2019"]
[Site "Forni di Sopra"]
[Date "2019.06.17"]
[Round "3.6"]
[White "Castellanos Rodriguez, Renier"]
[Black "Gueci, Tea"]
[Result "1-0"]
[ECO "D32"]
[WhiteElo "2511"]
[BlackElo "2257"]
[Annotator "RC"]
[PlyCount "147"]
[EventDate "2019.06.15"]
[EventType "swiss"]
[EventCountry "ITA"]
[SourceTitle "playchess.com"]
[Source "ChessBase"]
[SourceQuality "1"]
[TimeControl "40/5400+30:1800+30"]

1. c4 e6 2. Nf3 d5 3. e3 Nf6 4. b3 c5 5. Bb2 Be7 6. cxd5 exd5 7. d4 Nc6 8. Be2 O-O 9. O-O h6 10. Nc3 Be6 11. Rc1 b6 12. dxc5 bxc5 13. Na4 Nd7 14. Ne1 Qa5 15. Nd3 Bd6 16. Nf4 Bxf4 17. exf4 d4 18. Bd3 Nb4 19. Bb1 Rac8 20. Re1 Qb5 21. a3 Na6 22. Bd3 Qb7 23. f5 Bxb3 24. Bxa6 Qb8 25. Qd2 Rc6 26. Nxc5 Nxc5 27. Qxd4 f6 28. Bc4+ Kh8 29. Bd5 Rd6 30. Rxc5 Rfd8 31. h3 Rxd5 32. Rxd5 Rxd5 33. Qg4 Rd7 34. Bxf6 gxf6 35. Qg6 Rd1 36. Qxh6+ Kg8 37. Qg6+ Kf8 38. Qxf6+ Kg8 39. Qg6+ Kf8 40. Qh6+ Kg8 41. Qg5+ Kf8 42. Qe7+ Kg8 43. Rxd1 Bxd1 44. f6 Qf8 45. Qxa7 Qxf6 46. Qb8+ Kg7 47. Qc7+ Kg6 48. Qg3+ Kf7 49. Qe3 Bh5 50. g4 Bg6 51. Kg2 Kg7 52. Kg3 Qc6 53. f4 Be4 54. f5 Kf7 55. Qa7+ Kg8 56. Qb8+ Kf7 57. Qe5 Bh1 58. Qe3 Qd6+ 59. Kh4 Qf6+ 60. Qg5 Qc3 61. Qg6+ Kf8 62. Qd6+ Kf7 63. Qe6+ Kf8 64. Qd6+ Kf7 65. Qd7+ Kf8 66. a4 Qh8+ 67. Kg5 Qxh3 68. Qd8+ Kf7 69. Qd7+ Kf8 70. Qd6+ Kf7 71. Qe6+ Kf8 72. f6 Qa3 73. Qc8+ Kf7 74. Qd7+ 1-0

[Event "10th Dolomiti Open 2019"]
[Site "Forni di Sopra"]
[Date "2019.06.17"]
[Round "3.7"]
[White "Loiacono, Leonardo"]
[Black "Arjun, Kalyan"]
[Result "0-1"]
[ECO "D45"]
[WhiteElo "2241"]
[BlackElo "2484"]
[Annotator "ChessBase"]
[PlyCount "52"]
[EventDate "2019.06.15"]
[EventType "swiss"]
[EventCountry "ITA"]
[SourceTitle "playchess.com"]
[Source "ChessBase"]
[SourceQuality "1"]
[TimeControl "40/5400+30:1800+30"]

1. d4 d5 2. c4 c6 3. Nc3 Nf6 4. Nf3 e6 5. e3 Nbd7 6. Qc2 Bd6 7. g4 h6 8. Rg1 dxc4 9. Bxc4 b5 10. Be2 Bb7 11. e4 b4 12. Na4 Qa5 13. b3 Be7 14. g5 hxg5 15. Bxg5 c5 16. e5 Ne4 17. Bxe7 Kxe7 18. Nd2 cxd4 19. Nxe4 Qxe5 20. Bf3 f5 21. Qd2 Bxe4 22. Qxb4+ Kf6 23. Bxe4 Qxe4+ 24. Kf1 Qd3+ 25. Ke1 Ne5 26. Rg3 Rxh2 0-1

[Event "10th Dolomiti Open 2019"]
[Site "Forni di Sopra"]
[Date "2019.06.17"]
[Round "3.8"]
[White "Bellia, Fabrizio"]
[Black "Kumar, Nikhil"]
[Result "1/2-1/2"]
[ECO "B15"]
[WhiteElo "2450"]
[BlackElo "2257"]
[Annotator "ChessBase"]
[PlyCount "58"]
[EventDate "2019.06.15"]
[EventType "swiss"]
[EventCountry "ITA"]
[SourceTitle "playchess.com"]
[Source "ChessBase"]
[SourceQuality "1"]
[TimeControl "40/5400+30:1800+30"]

1. e4 c6 2. d4 d5 3. Nc3 dxe4 4. Nxe4 Nf6 5. Nxf6+ exf6 6. c3 Bd6 7. Bd3 O-O 8. Qc2 Re8+ 9. Ne2 h5 10. Be3 Nd7 11. O-O-O Nf8 12. Kb1 Be6 13. Nf4 Bxf4 14. Bxf4 b5 15. Rhe1 a5 16. c4 bxc4 17. Bxc4 Qd7 18. Bxe6 Nxe6 19. Qf5 Rad8 20. Be3 Qd5 21. Qxd5 Rxd5 22. b3 Nxd4 23. Bxd4 Rxe1 24. Rxe1 Rxd4 25. Rc1 Rd2 26. Rc2 Rd1+ 27. Rc1 Rd2 28. Rc2 Rd1+ 29. Rc1 Rd2 1/2-1/2

[Event "10th Dolomiti Open 2019"]
[Site "Forni di Sopra"]
[Date "2019.06.17"]
[Round "3.10"]
[White "Cruz, Christian"]
[Black "Haug, Johannes"]
[Result "0-1"]
[ECO "A13"]
[WhiteElo "2561"]
[BlackElo "2438"]
[Annotator "ChessBase"]
[PlyCount "64"]
[EventDate "2019.06.15"]
[EventType "swiss"]
[EventCountry "ITA"]
[SourceTitle "playchess.com"]
[Source "ChessBase"]
[SourceQuality "1"]
[TimeControl "40/5400+30:1800+30"]

1. Nf3 d5 2. e3 Nf6 3. c4 e6 4. b3 b6 5. g3 Bb7 6. Bg2 Nbd7 7. O-O Bd6 8. Nc3 O-O 9. Bb2 a6 10. Qe2 c5 11. Rfd1 Qe7 12. d4 dxc4 13. bxc4 cxd4 14. exd4 Rfe8 15. Ne5 Bxg2 16. Kxg2 Rac8 17. a4 Bb4 18. Na2 Ba3 19. Rab1 Bxb2 20. Rxb2 Qa3 21. Rb4 a5 22. Rb5 Qxa4 23. Nc3 Qa3 24. Ne4 Nxe4 25. Nxd7 Nc3 26. Qg4 Qe7 27. Nxb6 Rb8 28. Rb2 Nxd1 29. Qxd1 Red8 30. c5 Qxc5 31. dxc5 Rxd1 32. c6 Rc1 0-1

[Event "10th Dolomiti Open 2019"]
[Site "Forni di Sopra"]
[Date "2019.06.18"]
[Round "4.5"]
[White "Arjun, Kalyan"]
[Black "Sarkar, Justin"]
[Result "0-1"]
[ECO "B61"]
[WhiteElo "2482"]
[BlackElo "2359"]
[Annotator "ChessBase"]
[PlyCount "126"]
[EventDate "2019.06.15"]
[EventType "swiss"]
[EventCountry "ITA"]
[SourceTitle "playchess.com"]
[Source "ChessBase"]
[SourceQuality "1"]
[TimeControl "40/5400+30:1800+30"]

1. e4 c5 2. Nf3 Nc6 3. d4 cxd4 4. Nxd4 Nf6 5. Nc3 d6 6. Bg5 Bd7 7. Qd2 Rc8 8. f4 Nxd4 9. Qxd4 Qa5 10. e5 dxe5 11. fxe5 e6 12. O-O-O Bc6 13. Bb5 Nd5 14. Nxd5 Bxb5 15. Nc3 Bc6 16. Rd3 f6 17. Bf4 Qc5 18. exf6 Qxd4 19. Rxd4 gxf6 20. Ne4 Be7 21. Nd6+ Bxd6 22. Bxd6 Bxg2 23. Rg1 Rg8 24. Bb4 Rg6 25. Re1 e5 26. Rh4 Rc7 27. c4 Bf3 28. Bd6 Rcg7 29. Rh3 Rg1 30. Rxg1 Rxg1+ 31. Kc2 Bg4 32. Rg3 Rxg3 33. hxg3 Kd7 34. Bc5 a6 35. b4 b5 36. cxb5 axb5 37. Kd3 h5 38. Bf8 Ke6 39. Bg7 Bd1 40. Kd2 Bf3 41. Ke3 Bd5 42. a3 Bg2 43. Kf2 Be4 44. Bf8 Bf5 45. Bc5 Bg4 46. Bb6 h4 47. gxh4 f5 48. Be3 f4 49. Bc1 Kd5 50. Ke1 Bh5 51. Kf1 Ke4 52. Kf2 Be8 53. Bb2 Kf5 54. Ke2 e4 55. Bd4 Bh5+ 56. Kd2 e3+ 57. Kd3 Bf7 58. Bc3 Kg4 59. Ke4 Bg6+ 60. Kd4 Kxh4 61. a4 bxa4 62. b5 Be8 63. b6 Bc6 0-1

[Event "10th Dolomiti Open 2019"]
[Site "Forni di Sopra"]
[Date "2019.06.18"]
[Round "4.8"]
[White "Basso, Pier Luigi"]
[Black "Vignesh, B."]
[Result "1-0"]
[ECO "E11"]
[WhiteElo "2539"]
[BlackElo "2283"]
[Annotator "ChessBase"]
[PlyCount "81"]
[EventDate "2019.06.15"]
[EventType "swiss"]
[EventCountry "ITA"]
[SourceTitle "playchess.com"]
[Source "ChessBase"]
[SourceQuality "1"]
[TimeControl "40/5400+30:1800+30"]

1. d4 Nf6 2. c4 e6 3. Nf3 Bb4+ 4. Bd2 Qe7 5. g3 Nc6 6. e3 O-O 7. Bg2 e5 8. Nxe5 Nxe5 9. dxe5 Bxd2+ 10. Qxd2 Qxe5 11. Nc3 c6 12. Rd1 Rd8 13. Qd6 Qxd6 14. Rxd6 Ne8 15. Rd4 d6 16. O-O Be6 17. b3 Rd7 18. e4 Rad8 19. f4 f6 20. h3 Nc7 21. g4 Bf7 22. Rd2 Ne6 23. h4 h6 24. h5 Nc7 25. Kh2 d5 26. exd5 cxd5 27. Rfd1 d4 28. Ne2 f5 29. Rxd4 Rxd4 30. Rxd4 Rxd4 31. Nxd4 fxg4 32. Bxb7 Bxh5 33. Kg3 Kf7 34. Nc6 Bg6 35. Nxa7 Bb1 36. a4 Bc2 37. Nb5 Bxb3 38. a5 Kf6 39. Nxc7 Bxc4 40. Ba6 Bb3 41. Bf1 1-0

[Event "10th Dolomiti Open 2019"]
[Site "Forni di Sopra"]
[Date "2019.06.18"]
[Round "4.9"]
[White "Le Goff, Ronan"]
[Black "Bellia, Fabrizio"]
[Result "1/2-1/2"]
[ECO "D36"]
[WhiteElo "2229"]
[BlackElo "2450"]
[Annotator "ChessBase"]
[PlyCount "146"]
[EventDate "2019.06.15"]
[EventType "swiss"]
[EventCountry "ITA"]
[SourceTitle "playchess.com"]
[Source "ChessBase"]
[SourceQuality "1"]
[TimeControl "40/5400+30:1800+30"]

1. d4 Nf6 2. Nf3 d5 3. c4 e6 4. Nc3 Be7 5. cxd5 exd5 6. Bg5 O-O 7. Qc2 c6 8. e3 Nbd7 9. Bd3 Re8 10. O-O g6 11. Rab1 a5 12. a3 Nb6 13. Ne2 a4 14. h3 Ne4 15. Bf4 Nd6 16. Ng3 Nbc4 17. e4 dxe4 18. Nxe4 Nxe4 19. Bxe4 Nd6 20. Bd3 Bf5 21. Rbd1 Be6 22. Bxd6 Qxd6 23. Bc4 Bf6 24. Bxe6 Rxe6 25. Rfe1 Rxe1+ 26. Rxe1 Qd5 27. Re3 Kg7 28. Rc3 Be7 29. Re3 Bd6 30. g3 Ra5 31. Qe4 Qxe4 32. Rxe4 Rb5 33. Re2 Kf8 34. h4 Be7 35. Kf1 Bf6 36. Rd2 Ke7 37. Ke2 Kd6 38. Kd3 Kd5 39. Ke3 Rb3+ 40. Kf4 h5 41. g4 hxg4 42. Kxg4 Rb5 43. Ng1 Kc4 44. Ne2 Rh5 45. Kf3 Rxh4 46. Rc2+ Kb3 47. Rd2 Bg5 48. Nc1+ Kc4 49. Rc2+ Kxd4 50. Ne2+ Ke5 51. Kg3 Ke6 52. f4 Bf6 53. Rc4 Rh1 54. Rxa4 Bxb2 55. Re4+ Kf6 56. Rb4 Bxa3 57. Rxb7 Rd1 58. Kf3 Bd6 59. Rb6 Rd3+ 60. Kg4 c5 61. Ng3 Ke6 62. f5+ Kd5 63. Ne2 gxf5+ 64. Kxf5 Re3 65. Rb2 Rf3+ 66. Kg4 Ke4 67. Rc2 f5+ 68. Kg5 Kd3 69. Ra2 c4 70. Nc1+ Kd4 71. Ne2+ Kd3 72. Nc1+ Kc3 73. Ne2+ Kd3 1/2-1/2

[Event "10th Dolomiti Open 2019"]
[Site "Forni di Sopra"]
[Date "2019.06.18"]
[Round "4.10"]
[White "Kumar, Nikhil"]
[Black "Low, Zhen Yu Cyrus"]
[Result "0-1"]
[ECO "E04"]
[WhiteElo "2257"]
[BlackElo "2443"]
[Annotator "NA"]
[PlyCount "57"]
[EventDate "2019.06.15"]
[EventType "swiss"]
[EventCountry "ITA"]
[SourceTitle "playchess.com"]
[Source "ChessBase"]
[SourceQuality "1"]
[TimeControl "40/5400+30:1800+30"]

1. d4 d5 2. c4 e6 3. Nf3 Nf6 4. g3 dxc4 5. Bg2 Nc6 6. Qa4 Bb4+ 7. Bd2 Nd5 8. Bxb4 Ndxb4 9. a3 b5 10. Qxb5 Nc2+ 11. Kf1 Bd7 12. Qxc4 Nxa1 13. Nbd2 Rb8 14. Qc3 Qe7 15. Ne1 Rb6 16. Nd3 O-O 17. b4 Nc2 18. Qxc2 Nxd4 19. Qxc7 Rc8 20. Qxa7 Qd8 21. Be4 Nc6 22. Qa4 Nxb4 23. Qd1 Nxd3 24. Bxd3 Bb5 25. Bxb5 Rxb5 26. Qa4 Rb2 27. Nc4 Rb1+ 28. Kg2 Rxh1 29. Kf3 0-1